 Dungeon Crawl Stone Soup version 0.31-a0-986-g5e6e4ef867 (webtiles) character file.

Game seed: 10365861819937117621

103 Zonian the Digger (level 4, -1/24 HPs)
             Began as a Deep Elf Earth Elementalist on Nov 11, 2023.
             Killed by nerve-wracking pain
             ... invoked by Grinder
              (5 damage)
             ... while paralysed by Grinder
             ... on level 3 of the Dungeon.
             The game lasted 00:04:06 (2765 turns).

Zonian the Digger (Deep Elf Earth Elementalist)     Turns: 2765, Time: 00:04:07

Health: -1/24      AC:  6    Str:  5    XL:     4   Next: 51%
Magic:  5/11       EV:  2    Int: 22    God:
Gold:   222        SH:  0    Dex: 15    Spells: 6/10 levels left

rFire   . . .        g - +0 dagger
rCold   . . .        (no shield)
rNeg    . . .        a - +0 robe
rPois   .            (no helmet)
rElec   .            (no cloak)
rCorr   .            (no gloves)
SInv    .            (no boots)
Will    .....        (no amulet)
Stlth   ++           h - +4 ring of protection
HPRegen 0.24/turn    (no ring)
MPRegen 0.12/turn

%: no passive effects
@: paralysed
A: no striking features
a: no special abilities


You were on level 3 of the Dungeon.
You visited 1 branch of the dungeon, and saw 3 of its levels.

You collected 222 gold pieces.

Inventory:

Hand Weapons
 g - a +0 dagger (weapon)
Armour
 a - a +0 robe (worn)
Jewellery
 h - a +4 ring of protection (left hand)
Scrolls
 c - a scroll of enchant weapon {unknown}
 e - 2 scrolls of blinking {unknown}
 l - a scroll of silence {unknown}
 m - a scroll of poison {unknown}
 n - a scroll of revelation {unknown}
Potions
 b - a potion of magic
 d - a potion of enlightenment
 f - a potion of curing
 j - 2 potions of heal wounds
 k - a potion of berserk rage


   Skills:
 + Level 3.4 Dodging
 + Level 3.4 Stealth
 + Level 3.9 Spellcasting
 + Level 0.1 Conjurations
 + Level 2.2 Transmutations
 + Level 3.9 Earth Magic


You had 6 spell levels left.
You knew the following spells:

 Your Spells              Type           Power      Damage    Failure   Level
a - Sandblast             Erth           42%        2d11      2%          1
b - Stone Arrow           Conj/Erth      26%        3d8       14%         3

Your spell library contained the following spells:

 Spells                   Type           Power      Damage    Failure   Level
 Passwall                 Tmut/Erth      15%        N/A       4%          2
 Petrify                  Tmut/Erth      18%        N/A       30%         4
 Frozen Ramparts          Ice            8%         1d2       34%         3
 Brom's Barrelling Bould  Conj/Erth      13%        2d4       43%         4
 Metabolic Englaciation   Hex/Ice        2%         N/A       97%         5


Dungeon Overview and Level Annotations

Branches:
Dungeon (3/15)

Altars:

Shops:
D:1 [   D:3 *

Annotations:
D:3 Grinder


Message History

The bat hits you but does no damage. The bat barely misses you.
Unknown command.
Casting: Sandblast (safe; 2% risk of failure)
Confirm with . or Enter, or press ? or * to list all spells.
Aiming: Sandblast (safe; 2% risk of failure)
Press: ? - help, Shift-Dir - straight line, f/p - Grinder
Aim: Grinder (moderately wounded, 81% to hit)
The blast of sand hits Grinder!
Grinder is heavily wounded.
The bat barely misses you. The bat closely misses you. Grinder gestures at you.
You resist with significant effort.
Casting: Sandblast (safe; 2% risk of failure)
Confirm with . or Enter, or press ? or * to list all spells.
Aiming: Sandblast (safe; 2% risk of failure)
Press: ? - help, Shift-Dir - straight line, f/p - Grinder
Aim: Grinder (heavily wounded, 81% to hit)
The blast of sand hits Grinder!
Grinder is almost dead.
The bat hits you but does no damage. The bat misses you. Grinder misses you.
Your magical contamination has completely faded away.
Casting: Sandblast (safe; 2% risk of failure)
Confirm with . or Enter, or press ? or * to list all spells.
Aiming: Sandblast (safe; 2% risk of failure)
Press: ? - help, Shift-Dir - straight line, f/p - Grinder
Aim: Grinder (almost dead, 81% to hit)
The blast of sand hits Grinder.
Grinder is almost dead.
The bat hits you but does no damage. Grinder hits you!
You writhe in agony.
Grinder gestures at you.
You suddenly lose the ability to move!
A rat comes into view.
The bat hits you but does no damage. Grinder gestures at you.
Pain shoots through your body!
* * * LOW HITPOINT WARNING * * *
Grinder gestures at you. Pain shoots through your body!
You die...
Grinder says, "Now the real fun starts!"

#.#.#.##.# #.#.#)...# #
#.#.###### # #.#.....#
#
########.#####.########
#...[.......##.........
#.........#.###########
#..............# #
#....b@5.......# #
......###†......# #
...r. ####.#### # ....
#.# ###### ... #.#
#..... .. #.# #.#### .
#.######.# #.##.)...#
#.##.#####


You could see Grinder, a bat and a rat.

Vanquished Creatures
  5 adders (D:2)
  A worm (D:2)
  3 dart slugs
  6 bats
  4 endoplasms
  4 goblins
  5 hobgoblins
  3 jackals (D:2)
  6 kobolds
  A quokka (D:2)
  5 ball pythons
  2 frilled lizards (D:2)
  4 rats
49 creatures vanquished.

Notes
Turn   | Place    | Note
-------+----------+-------------------------------------------
     0 | D:1      | Zonian the Deep Elf Earth Elementalist began the quest for
                  | the Orb.
     0 | D:1      | Reached XP level 1. HP: 10/10 MP: 6/6
   169 | D:1      | Found Wublin's Armour Shop.
   291 | D:1      | Reached XP level 2. HP: 15/15 MP: 6/8
  1301 | D:2      | Reached XP level 3. HP: 19/19 MP: 5/9
  1991 | D:2      | Reached XP level 4. HP: 24/24 MP: 8/11
  2083 | D:2      | Found a faded altar of an unknown god.
  2389 | D:2      | Learned a level 3 spell: Stone Arrow
  2558 | D:3      | Found Ril Muicagy's General Store.
  2757 | D:3      | Noticed Grinder
  2763 | D:3      | Paralysed by Grinder for 3 turns
  2765 | D:3      | Killed from afar by Grinder

Illustrated notes

Levels and vault maps discovered:
D:1:      dpeg_arrival_solitude, layout_basic, serial_shops, shop, minivault_4,
          minmay_heptomino_d4
D:2:      layout_basic, ebering_ecumenical_altar_webs
D:3:      layout_basic, serial_shops, shop, uniq_jessica, uniq_grinder

Skill      XL: |  1  2  3 |
---------------+----------+-----
Stealth        | 3 |  3.4
Dodging        | 3 |  3.4
Transmutations | 2 |  2.2
Spellcasting   | |  3.9
Conjurations   | |  0.1
Earth Magic    | |  3.9

Action                     |  1- 3 |  4- 6 || total
---------------------------+-------+-------++-------
   Cast: Sandblast         |    50 |    23 ||    73
    Use: Scroll            |       |     4 ||     4
 Armour: Robe              |     2 |     6 ||     8
  Dodge: Dodged            |     9 |     9 ||    18

Table legend: (Time is in decaauts)
 A = Elapsed time spent in this place.
 B = Non-inter-level travel time spent in this place.
 C = Inter-level travel time spent in this place.
 D = Time resting spent in this place.
 E = Time spent auto-exploring this place.
 F = Levels seen in this place.
 G = Mean time per level.
                   A        B        C        D        E       F      G
               +--------+--------+--------+--------+--------+-----+--------+
         Total |   2800 |   2729 |     71 |    229 |   2115 |   3 |  933.3 |
       Dungeon |   2800 |   2729 |     71 |    229 |   2115 |   3 |  933.3 |
               +--------+--------+--------+--------+--------+-----+--------+

Top non-repeatable levels by time:
     D:2: 1297 daAuts
     D:1: 1278 daAuts
     D:3: 224 daAuts
